 Dungeon Crawl Stone Soup version 0.22.1-2-g9c5b331 (webtiles) character file.

19 Deca the Caller (level 2, 0/19 HPs)
             Began as a Barachi Summoner on Dec 12, 2018.
             Succumbed to an adder's poison
             ... on level 2 of the Dungeon.
             The game lasted 00:10:53 (1120 turns).

Deca the Caller (Barachi Summoner)                  Turns: 1120, Time: 00:10:54

Health: 0/19       AC:  0    Str:  9    XL:     2   Next: 75%
Magic:  3/5        EV: 12    Int: 15    God:
Gold:   48         SH:  0    Dex: 12    Spells: 3/6 levels left

rFire    . . .     SeeInvis .   f - -1 club (curse)
rCold    . . .     Gourm    .   (no shield)
rNeg     . . .     Faith    .   a - +0 robe
rPois    .         Spirit   .   (no helmet)
rElec    .         Reflect  .   (no cloak)
rCorr    .         Harm     .   (no gloves)
MR       .....                  (no boots)
Stlth    ++........             (no amulet)
HPRegen  0.06/turn              d - -2 ring of protection (curse)
MPRegen  0.09/turn              (no ring)

@: lethally poisoned (0 -> -17), can't hop, slow
A: +LOS, swims, slowness 1, strong legs 1
a: Hop


You were on level 2 of the Dungeon.
You were not hungry.

You visited 1 branch of the dungeon, and saw 2 of its levels.

You collected 48 gold pieces.

Inventory:

Hand Weapons
 e - a +0 dagger
 f - a cursed -1 club (weapon)
 i - a +0 hunting sling
Missiles
 b - 14 bolts
 h - 27 arrows
 k - 11 stones (quivered)
 m - 7 poisoned needles
Armour
 a - a +0 robe (worn)
Jewellery
 d - a cursed -2 ring of protection (left hand)
Scrolls
 n - a scroll of identify {unknown}
 o - a scroll of noise {unknown}
Comestibles
 c - a ration


   Skills:
 + Level 0.1 Short Blades
 + Level 0.1 Maces & Flails
 + Level 2.2 Dodging
 + Level 2.0 Stealth
 * Level 2.5 Spellcasting
 * Level 5.3 Summonings


You had 3 spell levels left.
You knew the following spells:

 Your Spells              Type           Power        Failure   Level  Hunger
a - Summon Small Mammal   Summ           ###.         2%          1    #......
b - Call Imp              Summ           ###.....     3%          2    ###....

Your spell library contained the following spells:

 Spells                   Type           Power        Failure   Level  Hunger
 Call Canine Familiar     Summ           ###.....     7%          3    ###....
 Summon Guardian Golem    Hex/Summ       #.......     22%         3    ###....
 Summon Ice Beast         Ice/Summ       #.......     56%         4    #####..
 Summon Lightning Spire   Summ/Air       #.......     56%         4    #####..


Dungeon Overview and Level Annotations

Branches:
Dungeon (2/15)

Altars:
Makhleb
The Shining One


Innate Abilities, Weirdness & Mutations

Shadows flee at your approach. (+LOS)
You can swim through water.
You cover ground slowly.
You can hop short distances.


Message History

You feel sick.
Your quokka bites the adder.
The adder barely misses you.
Your quokka closely misses the adder.
The adder bites you.
You are more poisoned.
The adder poisons you!
As you read the scroll of teleportation, it crumbles to dust.
You feel strangely unstable.
You feel sick.
Your quokka completely misses the adder.
The adder bites you.
* * * LOW HITPOINT WARNING * * *
You are more poisoned.
The adder poisons you!
Your crimson imp completely misses the adder.
* * * LOW HITPOINT WARNING * * *
You feel sick.
Your quokka barely misses the adder.
Your crimson imp hits the adder.
The adder bites you.
* * * LOW HITPOINT WARNING * * *
It was a potion of cancellation.
You feel strangely stable.
You feel magically purged.
You die...

#.........#
#.........# **####
#!........####.....
#?.................
#.........####.....
#.....(...## **####
#..$.......##
#...5.......#
#.@Sr.....#.*
##.......##.***
##.....##*..,** *
####### **#,,** *
**,,***
*********,**.
*,,,**,,,,,,.
*,,,,,,*****.
*,,,,****,,,.


You could see an adder, a friendly crimson imp and a friendly quokka.

Vanquished Creatures
  A goblin (D:1)
  2 bats (D:1)
  2 rats
5 creatures vanquished.

Vanquished Creatures (collateral kills)
  A dart slug (D:1)
  4 giant cockroaches (D:1)
  2 goblins (D:1)
  3 hobgoblins
  A ball python (D:1)
  2 bats (D:1)
  3 kobolds (D:1)
  2 rats (D:1)
18 creatures vanquished.

Vanquished Creatures (others)
  A bat (D:2)
  A jackal (D:2)
2 creatures vanquished.

Grand Total: 25 creatures vanquished

Notes
Turn   | Place    | Note
-------+----------+-------------------------------------------
     0 | D:1      | Deca the Barachi Summoner began the quest for the Orb.
     0 | D:1      | Reached XP level 1. HP: 13/13 MP: 3/3
    59 | D:1      | Reached skill level 5 in Summonings
   439 | D:1      | Reached XP level 2. HP: 11/19 MP: 0/5
   443 | D:1      | Learned a level 2 spell: Call Imp
  1065 | D:2      | Found a burning altar of Makhleb.
  1097 | D:2      | Found a glowing golden altar of the Shining One.
  1120 | D:2      | Succumbed to an adder's poison

Skill      XL: |  1  2 |
---------------+-------+-----
Summonings     | 5 |  5.3
Stealth        | 2 |  2.0
Short Blades   | |  0.1
Maces & Flails | |  0.1
Dodging        | |  2.2
Spellcasting   | |  2.5

Action                   || total
-------------------------++-------
Melee: Unarmed           ||    22
       Dagger            ||     6
       Club              ||    44
 Cast: Summon Small Mamm ||    25
       Call Imp          ||     5
 Abil: Hop               ||     2
  Use: Scroll            ||     4
       Potion            ||     5
 Stab: Sleeping          ||     2
  Eat: Ration            ||     1
Armor: Robe              ||     7
Dodge: Dodged            ||    91
